 Dungeon Crawl Stone Soup version 0.21.1-1-g345015f (webtiles) character file.

26 tidbits the Insei (level 3, 0/28 HPs)
             Began as a Gnoll Transmuter on June 20, 2018.
             Slain by an adder (3 damage)
             ... on level 2 of the Dungeon.
             The game lasted 00:02:11 (340 turns).

tidbits the Insei (Gnoll Transmuter)                 Turns: 340, Time: 00:02:12

Health: 0/28       AC:  2    Str: 12    XL:     3   Next: 8%
Magic:  1/9        EV: 14    Int: 16    God:
Gold:   81         SH:  0    Dex: 15    Spells: 6/12 levels left

rFire    . . .     SeeInvis .     - Unarmed
rCold    . . .     Gourm    .   (no shield)
rNeg     . . .     Faith    .   b - +0 robe
rPois    .         Spirit   .   (no helmet)
rElec    .         Reflect  .   (no cloak)
rCorr    .         Harm     .   (no gloves)
MR       .....                  (no boots)
Stlth    ++........             (no amulet)
HPRegen  0.09/turn              (no ring)
MPRegen  0.11/turn              (no ring)

@: appendage, very slightly contaminated
A: distributed training, fangs 1, horns 2, strong nose
a: End Transformation


You were on level 2 of the Dungeon.
You were not hungry.
You had grown temporary horns.
You visited 1 branch of the dungeon, and saw 2 of its levels.

You collected 81 gold pieces.

Inventory:

Hand Weapons
 e - a +0 hand axe
Missiles
 a - 19 arrows
Armour
 b - a +0 robe (worn)
Scrolls
 f - a scroll of identify {unknown}
 g - 3 scrolls of teleportation {unknown}
 i - a scroll of immolation {unknown}
 j - a scroll of enchant weapon {unknown}
Potions
 h - 2 potions of curing {unknown}
Books
 c - a book of Changes

   Spells                             Type                      Level
   a - Beastly Appendage              Transmutation                1
   b - Sticks to Snakes               Transmutation                2
   c - Spider Form                    Transmutation/Poison         3
   d - Ice Form                       Ice/Transmutation            4
   e - Blade Hands                    Transmutation                5
Comestibles
 d - 3 rations


   Skills:
 + Level 2.5 Fighting
 + Level 0.6 Short Blades
 + Level 0.6 Long Blades
 + Level 0.6 Axes
 + Level 0.6 Maces & Flails
 + Level 0.6 Polearms
 + Level 0.6 Staves
 + Level 0.6 Slings
 + Level 0.6 Bows
 + Level 0.6 Crossbows
 + Level 0.6 Throwing
 + Level 0.6 Armour
 + Level 4.5 Dodging
 + Level 0.6 Stealth
 + Level 0.6 Shields
 + Level 6.5 Unarmed Combat
 + Level 5.0 Spellcasting
 + Level 0.4 Conjurations
 + Level 0.4 Hexes
 + Level 0.4 Charms
 + Level 0.4 Summonings
 + Level 0.4 Necromancy
 + Level 0.4 Translocations
 + Level 3.7 Transmutations
 + Level 0.4 Fire Magic
 + Level 0.4 Ice Magic
 + Level 0.4 Air Magic
 + Level 0.4 Earth Magic
 + Level 0.4 Poison Magic
 + Level 0.8 Invocations
 + Level 0.6 Evocations


You had 6 spell levels left.
You knew the following spells:

 Your Spells              Type           Power        Failure   Level  Hunger
e - Beastly Appendage     Tmut           ###...       3%          1    None
k - Sticks to Snakes      Tmut           ###.....     4%          2    #......
p - Spider Form           Tmut/Pois      ##........   19%         3    ###....


Dungeon Overview and Level Annotations

Branches:
Dungeon (2/15)

Altars:


Innate Abilities, Weirdness & Mutations

Your experience applies equally to all skills.
You have very sharp teeth.
Your uncanny sense of smell can sniff out nearby items.
You have a pair of horns on your head.


Message History

The leopard gecko bites your ball python.
Your ball python dies!
The hobgoblin throws a stone.
The stone barely misses you.
Unknown command.
Casting: Sticks to Snakes
Confirm with . or Enter, or press ? or * to list all spells.
You create a snake!
You now have 20 arrows.
The hobgoblin throws a stone.
The stone hits you but does no damage. The leopard gecko bites you.
You closely miss the leopard gecko. Your kick misses the leopard gecko.
The hobgoblin throws a stone.
The stone hits you but does no damage. The leopard gecko barely misses you.
You barely miss the leopard gecko. The hobgoblin hits your ball python.
Your ball python bites the hobgoblin but does no damage.
Your ball python grabs the hobgoblin.
Your ball python constricts the hobgoblin.
The leopard gecko closely misses you.
You miss the leopard gecko. Your punch misses the leopard gecko.
Your bite misses the leopard gecko.
The hobgoblin throws a stone.
The stone closely misses your ball python.
The stone barely misses you.
Your ball python bites the hobgoblin.
Your ball python constricts the hobgoblin.
The leopard gecko bites you.
You miss the leopard gecko.
You kill the leopard gecko!
Your ball python bites the hobgoblin.
Your ball python constricts the hobgoblin.
The hobgoblin throws a stone.
The stone hits your ball python.
Your ball python dies!
Casting: Sticks to Snakes
Confirm with . or Enter, or press ? or * to list all spells.
You create a snake!
You now have 19 arrows.
The hobgoblin throws a stone.
The stone hits you but does no damage.
You see here a leopard gecko corpse.
You hit the hobgoblin but do no damage.
You kill the hobgoblin!
You swap places.
The worm bites you!
* * * LOW HITPOINT WARNING * * *
You see here 4 stones.
You hit the worm.
The worm is lightly wounded.
Your ball python bites the worm but does no damage.
Your ball python barely misses the worm.
You punch the worm!
You kill the worm!
Your Spellcasting skill increases to level 5!
You have reached level 3!
Your experience leads to an increase in your attributes!
Increase (S)trength, (I)ntelligence, or (D)exterity?
You feel clever.
Memorise Spider Form, consuming 3 spell levels and leaving 6?
You start memorising the spell.
You continue memorising. x3
You finish memorising.
Spell assigned to 'p'.
Your transformation is almost over.
Your talons disappear.
Unknown command.
Your ball python withers and dies!
Found a scroll labeled TATHICK LAOLIWA.
You see here a scroll labeled TATHICK LAOLIWA.
j - a scroll labeled TATHICK LAOLIWA
Found 10 gold pieces.
You see here 10 gold pieces.
You now have 81 gold pieces (gained 10).
An adder comes into view.
Found a stone staircase leading down.
Casting: Sticks to Snakes
Confirm with . or Enter, or press ? or * to list all spells.
You miscast Spider Form.
You are very lightly contaminated with residual magic.
You smell something strange.
Okay, then.
Casting: Spider Form
Confirm with . or Enter, or press ? or * to list all spells.
You grow a pair of large bovine horns.
The adder hisses angrily.
You hear an angry hiss.
The adder barely misses you.
A frilled lizard comes into view.
You closely miss the adder. The adder bites you.
* * * LOW HITPOINT WARNING * * *
You barely miss the adder. Your headbutt misses the adder.
Your bite misses the adder. The adder completely misses you.
You miss the adder. The adder bites you.
* * * LOW HITPOINT WARNING * * *
You closely miss the adder. The adder bites you.
* * * LOW HITPOINT WARNING * * *
The frilled lizard bites you.
* * * LOW HITPOINT WARNING * * *
The adder bites you but does no damage.
You miss the adder. The frilled lizard bites you.
* * * LOW HITPOINT WARNING * * *
The adder completely misses you.
You barely miss the adder. The frilled lizard misses you. The adder bites you.
* * * LOW HITPOINT WARNING * * *
You hit the adder. Your headbutt misses the adder.
The adder is heavily wounded.
The frilled lizard bites you but does no damage.
The adder barely misses you.
You closely miss the adder. Your headbutt misses the adder.
The adder is heavily wounded.
The adder bites you.
You die...

#.†# #..# ∆ #<.#
#..# ##.## ..>
...# .... ...## ∆
#..##### ..#
###..l@.### ...#
......S....####..#
########....#....#
## ##.....##.# ##.
#.#....#.# ##..
#....##..# #.(( #
#..####.## #...
...###...# #...
.###.##..### #..(


You could see an adder and a frilled lizard.

Vanquished Creatures
  An adder (D:2)
  2 worms (D:2)
  2 leopard geckos
  A giant cockroach (D:1)
  3 hobgoblins
9 creatures vanquished.

Notes
Turn   | Place    | Note
-------+----------+-------------------------------------------
     0 | D:1      | tidbits the Gnoll Transmuter began the quest for the Orb.
     0 | D:1      | Reached XP level 1. HP: 17/17 MP: 6/6
   164 | D:2      | Reached XP level 2. HP: 21/23 MP: 5/7
   168 | D:2      | Learned a level 2 spell: Sticks to Snakes
   297 | D:2      | Reached skill level 5 in Spellcasting
   297 | D:2      | Reached XP level 3. HP: 13/28 MP: 1/9
   302 | D:2      | Learned a level 3 spell: Spider Form
   340 | D:2      | Slain by an adder

Skill      XL: |  1  2 |
---------------+-------+-----
Spellcasting   | 5 |  5.0
Fighting       | |  2.5
Short Blades   | |  0.6
Long Blades    | |  0.6
Axes           | |  0.6
Maces & Flails | |  0.6
Polearms       | |  0.6
Staves         | |  0.6
Slings         | |  0.6
Bows           | |  0.6
Crossbows      | |  0.6
Throwing       | |  0.6
Armour         | |  0.6
Dodging        | |  4.5
Stealth        | |  0.6
Shields        | |  0.6
Unarmed Combat | |  6.5
Conjurations   | |  0.4
Hexes          | |  0.4
Charms         | |  0.4
Summonings     | |  0.4
Necromancy     | |  0.4
Translocations | |  0.4
Transmutations | |  3.7
Fire Magic     | |  0.4
Ice Magic      | |  0.4
Air Magic      | |  0.4
Earth Magic    | |  0.4
Poison Magic   | |  0.4
Invocations    | |  0.8
Evocations     | |  0.6

Action                   || total
-------------------------++-------
Melee: Unarmed           ||    40
       Kick              ||     8
       Headbutt          ||     1
       Bite              ||     1
 Cast: Beastly Appendage ||     7
       Sticks to Snakes  ||     4
Armor: Robe              ||     5
Dodge: Dodged            ||    25

Table legend:
 A = Turns spent in this place as a percentage of turns spent in the entire game.
 B = Non-inter-level travel turns spent in this place as a percentage of non-inter-level travel turns spent in the entire game.
 C = Inter-level travel turns spent in this place as a percentage of turns spent in this place.
 D = Turns resting spent in this place as a percentage of non-inter-level travel turns spent in this place.
 E = Turns spent auto-exploring this place as a percentage of non-inter-level travel turns spent in this place.
 F = Non-inter-level travel turns spent in this place divided by the number of levels of this place that you've seen.
                   A       B       C       D       E      F
               +-------+-------+-------+-------+-------+----------------------
         Total | 100.0 | 100.0 |   3.2 |   0.0 |   0.0 | 164.5
       Dungeon | 100.0 | 100.0 |   3.2 |   0.0 |   0.0 | 164.5
               +-------+-------+-------+-------+-------+----------------------

Table legend:
 A = Kills in this place as a percentage of kills in entire the game.
 B = Kills by you in this place as a percentage of kills by you in the entire game.
 C = Kills by friends in this place as a percentage of kills by friends in the entire game.
 D = Other kills in this place as a percentage of other kills in the entire game.
 E = Experience gained in this place as a percentage of experience gained in the entire game.
 F = Experience gained in this place divided by the number of levels of this place that you have seen.
                   A       B       C       D       E      F
               +-------+-------+-------+-------+-------+----------------------
         Total | 100.0 | 100.0 |   N/A |   N/A | 100.0 |  19.0
       Dungeon | 100.0 | 100.0 |   N/A |   N/A | 100.0 |  19.0
               +-------+-------+-------+-------+-------+----------------------

Vault maps used:
D:1:      scummos_arrival_checkerplants, serial_forest,
          infiniplex_forest_clump_small, infiniplex_forest_side_room,
          infiniplex_forest_lined_2, infiniplex_forest_straight_3,
          infiniplex_forest_lined_2, grunt_decor_fettered
D:2:      tso_altar
